 Dungeon Crawl Stone Soup version 0.31-a0-981-geadf994542 (webtiles) character file.

Game seed: 1155149687536761015

1070 horus123 the Covered (level 8, 0/62 HPs)
             Began as a Human Fighter on Nov 1, 2023.
             Slain by a centaur (2 damage)
             ... on level 6 of the Dungeon.
             The game lasted 00:08:36 (5414 turns).

horus123 the Covered (Human Fighter)                Turns: 5414, Time: 00:08:36

Health: 0/62       AC: 16    Str: 19    XL:     8   Next: 53%
Magic:  8/8        EV:  6    Int:  9    God:
Gold:   287        SH:  4    Dex: 12    Spells: 7/7 levels left

rFire   . . .        a - +0 flail
rCold   . . .        c - +0 buckler
rNeg    . . .        k - +0 plate armour
rPois   +            t - +0 helmet
rElec   .            (no cloak)
rCorr   .            i - +1 pair of gloves
SInv    .            (no boots)
Will    .....        (no amulet) Stlth
                     n - ring of poison resistance
HPRegen 0.30/turn    (no ring)
MPRegen 0.11/turn

%: no passive effects
@: no status effects
A: no striking features
a: no special abilities


You were on level 6 of the Dungeon.
You visited 1 branch of the dungeon, and saw 6 of its levels.

You collected 287 gold pieces.

Inventory:

Hand Weapons
 a - a +0 flail (weapon)
Missiles
 h - a throwing net
Armour
 b - a +0 scale mail
 c - a +0 buckler (worn)
 i - a +1 pair of gloves (worn)
 k - a +0 plate armour (worn)
 t - a +0 helmet (worn)
Jewellery
 n - a ring of poison resistance (left hand)
Wands
 s - a wand of flame (16)
Scrolls
 e - a scroll of immolation
 m - a scroll of revelation {unknown}
 o - a scroll of teleportation
 r - a scroll of noise {unknown}
 v - a scroll of identify
Potions
 d - 2 potions of attraction
 f - a potion of curing {unknown}
 g - a potion of berserk rage {unknown}
 j - 2 potions of enlightenment {unknown}
 l - 2 potions of degeneration {unknown}
 p - a potion of heal wounds {unknown}
 q - a potion of magic {unknown}
 u - a potion of lignification {unknown}


   Skills:
 - Level 5.0 Fighting
 - Level 5.0 Maces & Flails
 - Level 7.0 Armour
 + Level 3.2 Dodging
 - Level 3.0 Shields


You had 7 spell levels left.
You didn't know any spells.
Your spell library contained the following spells:

 Spells                   Type           Power      Damage    Failure   Level
 Blink                    Tloc           0%         N/A       100%        2
 Animate Dead             Necr           0%         N/A       100%        4
 Manifold Assault         Tloc           0%         N/A       100%        4
 Borgnjor's Vile Clutch   Necr/Erth      0%         N/A       100%        5
 Death Channel            Necr           0%         N/A       100%        6


Dungeon Overview and Level Annotations

Branches:
Dungeon (6/15)
 Temple: D:4-7

Altars:
Dithmenos
Ru
Trog
Wu Jian
The Shining One

Shops:
D:1 :*(


Message History

The ufetubus hits you but does no damage. x2
The hound bites you.
* * * LOW HITPOINT WARNING * * *
The ufetubus hits you but does no damage. x2
You closely miss the hound.
The hound is lightly wounded.
The hound bites you but does no damage.
The ufetubus hits you but does no damage. x2
The hound completely misses you.
The ufetubus hits you but does no damage. x2
You miss the hound.
The hound is lightly wounded.
The hound bites you but does no damage. The ufetubus barely misses you.
The ufetubus hits you but does no damage.
The hound bites you.
* * * LOW HITPOINT WARNING * * *
The ufetubus hits you but does no damage.
The ufetubus barely misses you.
You thump the hound!
The hound is almost dead.
The hound bites you but does no damage. You block the ufetubus's attack.
The ufetubus hits you but does no damage.
The hound bites you but does no damage. The ufetubus barely misses you.
The ufetubus hits you but does no damage.
You barely miss the hound.
The hound is almost dead.
The hound bites you but does no damage.
The ufetubus hits you but does no damage. x2
The hound bites you but does no damage.
You hit the hound.
You kill the hound!
The ufetubus hits you but does no damage. x2
The centaur shoots an arrow.
The arrow hits you.
* * * LOW HITPOINT WARNING * * *
The ufetubus hits you but does no damage. x2
The centaur shoots an arrow.
The arrow hits you.
* * * LOW HITPOINT WARNING * * *
Your Dodging skill increases to level 3!
The centaur unwields a +0 shortbow.
The centaur hits you.
You die...

... # ... .. .. #. .. ..
#5 #..#..##.#. ..
#.....:....#############
.. +..#
..#..c@5.......># #.
#..## ..##.###########.#
#.##...##.##.. #.#
..#........$# #.#
##.#......### #.#######
...#......# #........
#.........# #.#######
#.#..###### #.#
#.##.#### #.#


You could see a centaur and an ufetubus.

Vanquished Creatures
  Sigmund (D:5)
  2 black bears
  An ogre (D:4)
  A centaur (D:6)
  A phantom (D:6)
  A bullfrog (D:6)
  A howler monkey (D:5)
  3 hounds
  3 iguanas
  An orc wizard (D:4)
  6 adders
  3 gnolls
  3 ufetubi
  A worm (D:5)
  5 dart slugs
  16 orcs
  7 ball pythons
  2 endoplasms
  2 giant cockroaches
  6 goblins
  9 hobgoblins
  6 quokkas
  6 bats
  5 frilled lizards
  5 kobolds
  6 rats
103 creatures vanquished.

Notes
Turn   | Place    | Note
-------+----------+-------------------------------------------
     0 | D:1      | horus123 the Human Fighter began the quest for the Orb.
     0 | D:1      | Reached XP level 1. HP: 18/18 MP: 1/1
   102 | D:1      | Found Uwezua's Antique Weapon Boutique.
   242 | D:1      | Found Xiuvaemo's General Store.
   252 | D:1      | Reached XP level 2. HP: 18/24 MP: 2/2
   392 | D:1      | Found Zoyxt's Book Shoppe.
   840 | D:1      | Reached XP level 3. HP: 15/30 MP: 3/3
  1150 | D:2      | Reached XP level 4. HP: 6/38 MP: 4/4
  1664 | D:2      | Reached skill level 5 in Fighting
  2095 | D:3      | Found a bloodstained altar of Trog.
  2168 | D:3      | Reached XP level 5. HP: 44/44 MP: 5/5
  2503 | D:3      | Found a sacrificial altar of Ru.
  2678 | D:3      | Found an ornate altar of the Wu Jian Council.
  2814 | D:4      | Noticed an ogre
  2821 | D:4      | Killed an ogre
  2822 | D:4      | Reached XP level 6. HP: 30/51 MP: 6/6
  2992 | D:4      | Reached skill level 5 in Maces & Flails
  3991 | D:4      | Found a glowing golden altar of the Shining One.
  4200 | D:5      | Entered Level 5 of the Dungeon
  4379 | D:5      | Found a shadowy altar of Dithmenos.
  4515 | D:5      | Reached skill level 4 in Armour
  4515 | D:5      | Reached XP level 7. HP: 56/56 MP: 7/7
  4544 | D:5      | Reached skill level 5 in Armour
  4827 | D:5      | Noticed Sigmund
  4872 | D:5      | Killed Sigmund
  4873 | D:5      | Reached skill level 6 in Armour
  4873 | D:5      | Reached XP level 8. HP: 37/62 MP: 8/8
  5230 | D:6      | Reached skill level 7 in Armour
  5413 | D:6      | HP: 2/62 [centaur/arrow (6)]
  5414 | D:6      | Slain by a centaur

Illustrated notes

Levels and vault maps discovered:
D:1:      dreamdust_arrival_beginning_and_end, layout_basic, serial_shops,
          shop_fountains, nicolae_shop_back_alley_shop, shop, moated_statue,
          kennysheep_nondescript
D:2:      layout_loops_corners, grunt_decor_junction, grunt_decor_one_mirror,
          minivault_11, hangedman_decor_points
D:3:      layout_loops_cross, mainiacjoe_overflow_chevrons,
          mainiacjoe_overflow_small_starburst, old_standard_altar,
          minmay_bisected
D:4:      layout_layer_cave, nicolae_tso_swordbearing_angel,
          serial_bayou_lagoon_b
D:5:      layout_loops_ring, nicolae_dithmenos_through_a_glass_darkly,
          uniq_sigmund
D:6:      layout_basic, minmay_crystal_room, minmay_manual_mares,
          uniq_blork_the_orc

Skill      XL: |  1  2  3  4  5  6  7  8 |
---------------+-------------------------+-----
Fighting       | 4 5 |  5.0
Maces & Flails | 4 5 |  5.0
Armour         | 4 6 7 |  7.0
Dodging        | 3 |  3.2
Shields        | |  3.0

Action                     |  1- 3 |  4- 6 |  7- 9 || total
---------------------------+-------+-------+-------++-------
  Melee: Flail             |    74 |   204 |   139 ||   417
    Use: Potion            |     1 |     1 |     1 ||     3
         Scroll            |       |     4 |       ||     4
 Armour: Scale mail        |    59 |       |       ||    59
         Plate armour      |       |   182 |   246 ||   428
  Dodge: Dodged            |    50 |    62 |    57 ||   169
  Block: Buckler           |    19 |    43 |    44 ||   106

Table legend: (Time is in decaauts)
 A = Elapsed time spent in this place.
 B = Non-inter-level travel time spent in this place.
 C = Inter-level travel time spent in this place.
 D = Time resting spent in this place.
 E = Time spent auto-exploring this place.
 F = Levels seen in this place.
 G = Mean time per level.
                   A        B        C        D        E       F      G
               +--------+--------+--------+--------+--------+-----+--------+
         Total |   5525 |   5418 |    107 |    479 |   3926 |   6 |  920.8 |
       Dungeon |   5525 |   5418 |    107 |    479 |   3926 |   6 |  920.8 |
               +--------+--------+--------+--------+--------+-----+--------+

Top non-repeatable levels by time:
     D:4: 1481 daAuts
     D:2: 1153 daAuts
     D:5: 1032 daAuts
     D:1: 964 daAuts
     D:3: 679 daAuts
     D:6: 214 daAuts
